 Dungeon Crawl Stone Soup version 0.23.1 (webtiles) character file.

Game seed: 8003411056289659690

649 Kniotic the Insei (level 7, 0/52 HPs)
             Began as a Demonspawn Monk on Mar 5, 2019.
             Slain by an ice beast (4 damage)
             ... on level 4 of the Dungeon.
             The game lasted 00:06:24 (4866 turns).

Kniotic the Insei (Demonspawn Monk)                 Turns: 4866, Time: 00:06:24

Health: 0/52       AC:  2    Str: 11    XL:     7   Next: 28%
Magic:  7/7        EV: 13    Int: 11    God:
Gold:   215        SH:  0    Dex: 18    Spells: 6/6 levels left

rFire    + . .     SeeInvis .     - Unarmed
rCold    + . .     Gourm    .   (no shield)
rNeg     . . .     Faith    .   a - +0 robe
rPois    +         Spirit   .   (helmet restricted)
rElec    +         Reflect  .   (no cloak)
rCorr    +         Harm     .   (no gloves)
MR       .....                  (no boots)
Stlth    +++.......             (no amulet)
HPRegen  0.17/turn              (no ring)
MPRegen  0.10/turn              (no ring)

@: resistant
A: horns 1, nightstalker 1, spiny 1
a: no special abilities


You were on level 4 of the Dungeon.
You were hungry.

You visited 1 branch of the dungeon, and saw 5 of its levels.
You also visited: Sewer.

You collected 215 gold pieces.

Inventory:

Armour
 a - a +0 robe (worn)
Jewellery
 r - an uncursed ring of protection from magic {unknown}
Scrolls
 e - 6 scrolls of teleportation
 h - a scroll of magic mapping {unknown}
 i - a scroll of blinking {unknown}
 j - 2 scrolls of random uselessness {unknown}
 k - a scroll of noise {unknown}
 l - 2 scrolls of amnesia
 n - a scroll of immolation {unknown}
 q - a scroll of remove curse {unknown}
 u - a scroll of fear {unknown}
Potions
 c - 4 potions of curing
 d - a potion of invisibility
 f - 2 potions of agility
 g - 2 potions of flight {unknown}
 m - a potion of resistance
 p - 2 potions of might {unknown}
 s - a potion of degeneration {unknown}
 t - a potion of heal wounds {unknown}
 v - a potion of berserk rage {unknown}
 w - a potion of magic {unknown}
Comestibles
 b - 10 rations


   Skills:
 - Level 3.0 Fighting
 - Level 2.6 Dodging
 - Level 1.7 Stealth
 + Level 7.8 Unarmed Combat


You had 6 spell levels left.
You didn't know any spells.
Your spell library was empty.

Dungeon Overview and Level Annotations

Branches:
Dungeon (5/15)
 Temple: D:4-7

Altars:

Annotations:
D:4 exclusion: hornet


Innate Abilities, Weirdness & Mutations

You have a pair of small horns on your head.
You are slightly more attuned to the shadows.
You are partially covered in sharp spines.


Message History

You hit the ice beast.
The ice beast is heavily wounded.
The ice beast hits you but does no damage.
You hit the ice beast but do no damage. Your headbutt misses the ice beast.
The ice beast is heavily wounded.
You closely miss the ice beast.
The ice beast is heavily wounded.
The ice beast is struck by your spines. The ice beast hits you.
* * * LOW HITPOINT WARNING * * *
The ice beast freezes you. You resist.
* * * LOW HITPOINT WARNING * * *
You hit the ice beast.
The ice beast is severely wounded.
The ice beast closely misses you.
You hit the ice beast but do no damage.
The ice beast is severely wounded.
The ice beast hits you.
* * * LOW HITPOINT WARNING * * *
The ice beast freezes you. You resist.
You die...

#....#####.##.##.........##
.........#................#
..........................##
...........................#
...........................#
...................#.......###
..................##.........##
.....>.......[.Y######.....##.#
................@## #......#..###
..................###...........#
..............>...##.......#..###
...................#..#######.#
........#.............# ###
.....#####......#....## ......#
#......##)..##
....>.####.....#.....# ##.....#
#.#...##....#


You could see an ice beast.

Vanquished Creatures
  Sigmund (D:4)
  A big kobold (Sewer)
  A scorpion (D:3)
  2 orc priests
  An orc wizard (D:5)
  2 worker ants (D:5)
  4 gnolls
  7 adders
  A river rat (Sewer)
  An adder zombie (D:4)
  3 worms
  A dart slug (D:1)
  4 leopard geckos
  9 orcs
  3 bats
  3 giant cockroaches
  11 goblins
  11 hobgoblins
  5 jackals
  13 kobolds
  2 quokkas (D:3)
  4 ball pythons
  6 frilled lizards
  A leopard gecko skeleton (D:4)
  A quokka skeleton (D:4)
  15 rats
113 creatures vanquished.

Notes
Turn   | Place    | Note
-------+----------+-------------------------------------------
     0 | D:1      | Kniotic the Demonspawn Monk began the quest for the Orb.
     0 | D:1      | Reached XP level 1. HP: 18/18 MP: 1/1
    78 | D:1      | Reached skill level 3 in Unarmed Combat
   295 | D:1      | Gained mutation: You have a pair of small horns on your
                  | head. [demonic ancestry]
   295 | D:1      | Reached XP level 2. HP: 20/24 MP: 2/2
   984 | D:2      | Reached skill level 4 in Unarmed Combat
   984 | D:2      | Reached XP level 3. HP: 14/29 MP: 3/3
  2125 | D:3      | Gained mutation: You are slightly more attuned to the
                  | shadows. [demonic ancestry]
  2125 | D:3      | Reached XP level 4. HP: 29/35 MP: 4/4
  2416 | D:3      | Reached skill level 5 in Unarmed Combat
  2509 | D:3      | Gained mutation: You are partially covered in sharp spines.
                  | [demonic ancestry]
  2509 | D:3      | Reached XP level 5. HP: 37/41 MP: 5/5
  2786 | D:3      | Reached skill level 6 in Unarmed Combat
  3306 | D:4      | Found a glowing drain.
  3316 | Sewer    | Entered a sewer
  3559 | Sewer    | Reached XP level 6. HP: 39/47 MP: 6/6
  3585 | Sewer    | Found a glowing silver altar of Zin.
  3840 | D:4      | Noticed a hornet
  4005 | D:4      | Noticed Sigmund
  4025 | D:4      | Killed Sigmund
  4025 | D:4      | Reached skill level 7 in Unarmed Combat
  4025 | D:4      | Reached XP level 7. HP: 32/52 MP: 7/7
  4374 | D:5      | Entered Level 5 of the Dungeon
  4866 | D:4      | Slain by an ice beast

Skill      XL: |  1  2  3  4  5  6 |
---------------+-------------------+-----
Unarmed Combat | 3 4 5 6 7 |  7.8
Fighting       | |  3.0
Dodging        | |  2.6
Stealth        | |  1.7

Action                   |  1- 3 |  4- 6 |  7- 9 || total
-------------------------+-------+-------+-------++-------
Melee: Unarmed           |   123 |   156 |    34 ||   313
       Headbutt          |    16 |    27 |     7 ||    50
       Punch             |     1 |     6 |       ||     7
  Use: Potion            |       |     1 |     1 ||     2
       Scroll            |       |     6 |       ||     6
 Stab: Sleeping          |     6 |     6 |       ||    12
  Eat: Chunk             |     4 |     6 |     2 ||    12
Armor: Robe              |    13 |     6 |     3 ||    22
Dodge: Dodged            |    66 |    71 |    13 ||   150
